[Event "1000 GM Labor Day Super Swiss 2024"]
[Site "San Jose"]
[Date "2024.09.01"]
[Round "3.14"]
[White "Champsi, Imran"]
[Black "Guo, Ethan"]
[Result "1/2-1/2"]
[Annotator "TA"]
[ECO "D85"]
[WhiteElo "2012"]
[BlackElo "2211"]
[PlyCount "149"]
[EventDate "2024.08.30"]
[EventType "swiss"]
[EventCountry "USA"]
[SourceTitle "playchess.com"]
[Source "ChessBase"]
[SourceQuality "1"]
[TimeControl "5400+30"]

1. d4 Nf6 2. c4 g6 3. Nc3 d5 4. cxd5 Nxd5 5. e4 Nxc3 6. bxc3 Bg7 7. Nf3 c5 8. Be3 $1 {[%emt 0:00:03][%mdl 4] 8.Be3 is a critical line.} Nc6 9. d5 {[%emt 0:21:25] D85: Exchange Grünfeld: Unusual White 7th moves and lines with 7 Nf3.} Bxc3+ 10. Bd2 Bxd2+ 11. Qxd2 Nd4 12. Nxd4 cxd4 13. Bb5+ $146 ({Predecessor:} 13. Qxd4 Qa5+ 14. Qd2 Qxd2+ 15. Kxd2 Bd7 16. Be2 O-O 17. Rab1 Rfd8 18. Rxb7 e6 19. Rc1 exd5 {1-0 Dittel,H (2068)-Demircan,S (2095) AUT-chT2O 1617 2016 (2.6)}) 13... Bd7 14. Bxd7+ Qxd7 15. Qxd4 O-O 16. O-O Rfd8 17. Qb4 b6 18. f3 Rac8 19. Rfd1 Rc5 20. Rd2 Rdc8 21. Rad1 Rc4 22. Qa3 Rc3 23. Qa6 Qc7 24. h3 Qc5+ 25. Kh2 Rc7 26. Qe2 b5 27. d6 exd6 28. Rxd6 Rc2 29. R6d2 Qe5+ 30. Kh1 Qb2 31. Qe3 Rxd2 32. Rxd2 Qc1+ 33. Kh2 Rd7 34. Rd3 Qc7+ 35. Kh1 Rxd3 36. Qxd3 b4 37. Qd4 a5 38. Qd5 (38. e5 $11) 38... Kg7 $15 39. e5 a4 (39... Qc1+ 40. Kh2 $17) (39... Qb6 $1 $15) 40. e6 $11 fxe6 41. Qxe6 h5 42. Qa6 b3 43. Qxa4 Qc1+ 44. Kh2 b2 45. Qd7+ Kh6 (45... Kf6 $5 46. Qd6+ $8 Kf7 47. Qd7+ Kf6 48. Qd6+ Kg5 49. Qe5+ Kh6 $11) 46. Qd8 Qf4+ 47. g3 Qe5 (47... b1=Q $6 48. Qh8+ (48. gxf4 Qxa2+ 49. Kg3 Qb2 $11) 48... Kg5 49. h4+ $14 (49. gxf4+ Kxf4 50. Qf6+ Ke3 $11) (49. gxf4+ Kxf4 50. Qf6+ Ke3 $11)) 48. Qf8+ $1 Kh7 49. Qf7+ Qg7 50. Qb3 h4 51. gxh4 $2 (51. Kg2 $11) 51... Qe5+ $19 52. Kg2 Qe2+ 53. Kg3 Qe1+ 54. Kg2 {[%emt 0:00:08] [#]} Qd2+ $1 (54... b1=B 55. Qf7+ Kh6 56. Qf8+ Kh7 57. Qf7+ Kh8 58. Qf8+ Kh7 59. Qf7+ $11) 55. Kg3 {[%emt 0:00:13] [#]} Kh6 $1 (55... Qe1+ 56. Kg2 $11) 56. Qb8 Qd4 (56... Qe1+ 57. Kg2 Qd2+ (57... b1=B 58. Qh8#) 58. Kg3 $19) (56... Qc3 $5 57. Qf8+ $8 Qg7 $11) 57. Kg2 $1 Kh5 (57... Qd2+ $2 58. Kg3 Qd4 (58... Qe1+ $2 59. Kg2 $17) 59. Kg2 $19) 58. Qb7 $1 Qd2+ 59. Kg3 Qe1+ 60. Kg2 Qe2+ ({Not} 60... b1=B 61. Qh7#) 61. Kg3 Qe5+ (61... Qe1+ 62. Kg2 Qe2+ (62... b1=B 63. Qh7#) 63. Kg3 Qe1+) 62. Kg2 Kh6 (62... Kxh4 $5 63. Qb4+ $8 Kh5 $11) 63. Qb4 Kg7 64. a4 Kf7 65. Qb7+ Ke6 66. Qb3+ Kd7 67. Qb7+ Kd8 68. Qb6+ Kc8 69. Qa6+ Kc7 70. Qa7+ Kc6 71. Qa6+ Kd5 72. Qb5+ Ke6 73. Qe8+ Kf5 (73... Kd5 $5 74. Qb5+ $8 Ke6 75. Qe8+ Kf6 76. Qf8+ Ke6 77. Qe8+ $11) 74. Qf7+ Qf6 75. Qd5+ 1/2-1/2

[Event "1000 GM Labor Day Super Swiss 2024"]
[Site "San Jose"]
[Date "2024.09.01"]
[Round "3.15"]
[White "Gongora Montes, Benjamin"]
[Black "Ubaldo Suarez, Maria Gisela"]
[Result "1-0"]
[Annotator "TA"]
[ECO "D03"]
[WhiteElo "2111"]
[BlackElo "1958"]
[PlyCount "91"]
[EventDate "2024.08.30"]
[EventType "swiss"]
[EventCountry "USA"]
[SourceTitle "playchess.com"]
[Source "ChessBase"]
[SourceQuality "1"]
[TimeControl "5400+30"]

1. d4 d5 2. Nf3 Nf6 3. Bg5 e6 4. e3 Be7 5. Nbd2 Nbd7 6. Bd3 O-O 7. c3 c5 8. Ne5 Qc7 (8... Nxe5 {simplifies} 9. dxe5 Nd7 10. Bxe7 Qxe7 11. f4 c4) 9. f4 Rb8 10. Qf3 Re8 (10... h6 $11 11. Bh4 b5) 11. g4 {[%emt 0:21:00] White has more active pieces.} (11. Bxf6 $16 Nxf6 12. a3) 11... Nf8 12. h4 b5 13. f5 (13. a3 $14) 13... b4 $15 14. Bf4 Bd6 15. Rc1 $2 (15. g5 $15 N6d7 16. Nxd7 Bxd7 17. Bxd6 Qxd6 18. f6 bxc3 19. bxc3) 15... bxc3 16. bxc3 Rb2 (16... cxd4 $19 {has better winning chances.} 17. exd4 exf5) 17. g5 $17 Ne4 18. Nxe4 (18. Bxe4 $17 {only move.} cxd4 (18... dxe4 19. Nxe4 Bb7 20. f6 $11) 19. fxe6 Nxe6 (19... Bxe5 $2 20. Bxe5 dxe4 21. Nxe4 $18) (19... Bxe6 20. Bxh7+ Kxh7 21. exd4 $17) 20. Bxd5 dxe3 (20... Bxe5 21. Bxe5 Qxe5 22. Nc4 $16) 21. Bxe3 (21. Ndc4 $2 Rf2 $19) 21... Bxe5 22. O-O) 18... dxe4 $19 19. Bxe4 exf5 (19... Rxa2 20. O-O exf5 21. Bd5 Bxe5 22. Bxa2 (22. Bxe5 Rxe5 23. dxe5 Rb2 $14) 22... Bxf4 23. Qxf4 $14) (19... cxd4 $19 20. Nd3 exf5 (20... Rxa2 21. f6 $17) 21. Nxb2 Rxe4 (21... fxe4 22. Bxd6 Qxd6 23. Qf4 $17) 22. Bxd6 Qxd6 23. cxd4 Bb7 (23... Qxd4 $2 24. Nd1 $19)) 20. Bd5 $17 {[%emt 0:00:16] [#]} Bxe5 (20... Ng6 $1 $17 {[%cal Rg6f4] ...Nxf4 is the strong threat.} 21. O-O (21. Bxf7+ Qxf7 22. Nxf7 Bxf4 $19) 21... Bxe5 (21... Nxh4 22. Qh1 $17) (21... Nxe5 22. dxe5 Bxe5 23. Rcd1 $17) 22. dxe5 Be6 (22... Nxh4 $2 23. Qd1 $19) (22... Nxe5 23. Qg3 $17)) 21. Bxe5 $15 Rxe5 22. dxe5 Qxe5 23. c4 Rxa2 24. Qf4 Qb2 25. O-O Be6 {[%emt 0:01:36] Strongly threatening ...Bxd5.} 26. Rb1 Qc2 {[%emt 0:00:36] [#]} (26... Qc3 $11 {remains equal.}) 27. Rfc1 (27. Bf3 $1 $16) 27... Qd2 $11 28. Rd1 Qc2 {[%emt 0:00:35] White must now prevent ...Bxd5.} 29. Rbc1 Qb2 30. Qg3 (30. Rb1 $11 {keeps the balance.} Qc2 31. Rdc1) 30... a5 ({Black should play} 30... Bxd5 $17 31. cxd5 Ra4) 31. Rb1 {[%emt 0:03:21][%mdl 1024] White has compensation.} Qc2 32. Rdc1 Qd2 33. Rd1 {[%emt 0:00:06] Some like it hot} Qc2 34. Bf3 Qc3 (34... Qxc4 $2 35. Rb8 f4 36. Qxf4 Qxf4 37. exf4 $18) 35. Bg2 g6 (35... Qxc4 $2 36. Rb8 f4 37. Qf3 $18) (35... Rd2 $1 $11 {and Black is okay.}) 36. Rd8 $18 Ra1 (36... f4 $16 37. Qe1 (37. Qxf4 $2 {is the wrong capture.} Rxg2+ 38. Kxg2 Qc2+ 39. Kg3 Qxb1 $19) 37... Qxe1+ (37... Qxe3+ $2 {perishes.} 38. Qxe3 fxe3 39. Rbb8 $18) (37... Qxc4 $2 38. Rbb8 $18) (37... Qc2 $2 38. Qf1 $18) 38. Rxe1 fxe3) 37. Rxa1 Qxa1+ 38. Kh2 {[%emt 0:00:08] Threatens to win with Qc7.} Bxc4 39. Qd6 $40 {[%emt 0:00:08][%csl Gd8,LRc5,LRf8][%cal Rd6f8][%mdl 128] White is out for blood.} Qg7 40. Qxc5 Be6 41. Qxa5 h6 42. Qc5 {[%emt 0:00:21] And now Qd6 would win.} hxg5 43. hxg5 {[%emt 0:00:09] Hoping for Qd6.} f6 44. Qd6 Kf7 (44... Qf7 $18 45. Rxf8+ Qxf8 46. Qxe6+ Kg7) 45. Bd5 Bxd5 46. Qxd5+ {[%emt 0:00:29] Never resign too early!   Weighted Error Value: White=0.26 (precise) /Black=0.37.  Loses game:     	White=1     	---        Mistake:       	White=5     	Black=9      Inaccurate:     	White=1     	Black=1      OK:         	White=10    	Black=14     Best:        	White=9     	Black=5} 1-0

[Event "1000 GM Labor Day Super Swiss 2024"]
[Site "San Jose"]
[Date "2024.09.01"]
[Round "3.16"]
[White "Yan, Nathan"]
[Black "Deng, Henry"]
[Result "1/2-1/2"]
[Annotator "TA"]
[ECO "B45"]
[WhiteElo "2160"]
[BlackElo "2338"]
[PlyCount "38"]
[EventDate "2024.08.30"]
[EventType "swiss"]
[EventCountry "USA"]
[SourceTitle "playchess.com"]
[Source "ChessBase"]
[SourceQuality "1"]
[TimeControl "5400+30"]

1. e4 c5 2. Nf3 e6 3. d4 cxd4 4. Nxd4 Nf6 5. Nc3 Nc6 6. Ndb5 Bb4 7. a3 Bxc3+ 8. Nxc3 d5 9. exd5 exd5 10. Bd3 O-O 11. O-O Bg4 12. f3 Bh5 13. Bg5 Qb6+ 14. Kh1 {[%emt 0:00:18] [#] Threatens to win with Bxf6. Active counter play!} Ne4 15. Nxe4 {[%emt 0:00:25] White is slightly better.} ({But not} 15. Nxd5 Nf2+ 16. Rxf2 Qxf2 $15) 15... dxe4 16. Bxe4 Qxb2 17. Rb1 Qxa3 18. Rxb7 Qa6 19. Rb1 {[%emt 0:00:22] Qd6 is the strong threat.} Bg6 {[%emt 0:01:04] Weighted Error Value: White=0.02 (flawless) /Black=0.02 (flawless) .  OK:         	White=3     	Black=4} 1/2-1/2

[Event "1000 GM Labor Day Super Swiss 2024"]
[Site "San Jose"]
[Date "2024.09.01"]
[Round "3.17"]
[White "Alfaro, William"]
[Black "Sivakumar, Shaashwath"]
[Result "0-1"]
[Annotator "TA"]
[ECO "D17"]
[WhiteElo "2137"]
[BlackElo "2321"]
[PlyCount "50"]
[EventDate "2024.08.30"]
[EventType "swiss"]
[EventCountry "USA"]
[SourceTitle "playchess.com"]
[Source "ChessBase"]
[SourceQuality "1"]
[TimeControl "5400+30"]

1. d4 d5 2. Nf3 Nf6 3. c4 c6 4. Nc3 dxc4 5. a4 Bf5 6. Ne5 Nbd7 7. Nxc4 Nb6 8. Ne5 a5 9. e3 h6 10. g4 (10. f3 $14) 10... Bh7 $11 11. Bg2 {[%emt 0:01:17] The position is equal.} e6 12. h4 ({Better is} 12. e4 $11) 12... Nfd7 $15 13. Nxd7 Nxd7 14. e4 Bb4 15. g5 Qe7 16. Kf1 O-O-O 17. Qb3 {[%emt 0:03:17] [#]} (17. Qe2 $11) 17... e5 $1 $17 18. d5 Nc5 19. Qc4 {[%emt 0:02:59] [#]} Bxc3 $1 20. Qxc3 {[%emt 0:01:25] aiming for Be3.} (20. bxc3 $2 {perishes.} cxd5 21. Qb5 Qc7 (21... Nxe4 22. Qxa5 hxg5 23. Be3 $17) (21... dxe4 $2 22. Ba3 $18) 22. gxh6 gxh6 $19 (22... Nxe4 $2 23. hxg7 Rhg8 24. Bg5 $19) (22... Bxe4 23. Bxe4 Nxe4 24. hxg7 $11)) 20... Bxe4 21. Be3 (21. Bxe4 $17 {is a better defense.} Nxe4 22. Qc2) 21... Bxg2+ 22. Kxg2 Rxd5 23. Rad1 {[%emt 0:05:57] Prevents Nd3} (23. Qxa5 {was worth a try.} Na6 24. Qe1) 23... Qd7 $19 {[%emt 0:03:23] ( -> ...Qg4+)} (23... Nxa4 24. Qc2 Rxd1 25. Rxd1 Nxb2 26. Qxb2 hxg5 27. Qb6 $16) 24. Rxd5 Qxd5+ 25. Kg1 Ne4 {[%emt 0:19:09] Weighted Error Value: White=0.45/Black=0.05 (flawless) .  Mistake:       	White=5     	---        Inaccurate:     	White=1     	Black=1      OK:         	White=4     	Black=5      Best:        	---       	Black=2      Strong:       	---       	Black=2} (25... Nxa4 26. Qc2 Nxb2 27. Qxb2 $17) 0-1

[Event "1000 GM Labor Day Super Swiss 2024"]
[Site "San Jose"]
[Date "2024.09.01"]
[Round "3.18"]
[White "Wu, Derek"]
[Black "Garduno Huerta, Joshua Emiliano"]
[Result "1-0"]
[Annotator "TA"]
[ECO "D30"]
[WhiteElo "2278"]
[BlackElo "2056"]
[PlyCount "67"]
[EventDate "2024.08.30"]
[EventType "swiss"]
[EventCountry "USA"]
[SourceTitle "playchess.com"]
[Source "ChessBase"]
[SourceQuality "1"]
[TimeControl "5400+30"]

1. d4 d5 2. c4 c6 3. Nf3 Nf6 4. Qb3 e6 5. g3 dxc4 6. Qxc4 b5 7. Qc2 Bb7 8. Bg2 Qb6 9. a4 a6 10. O-O Nbd7 {[%emt 0:03:51] White is slightly better.} 11. Nbd2 (11. Ne5 $14) 11... c5 12. dxc5 Nxc5 (12... Bxc5 $11 {keeps the balance.} 13. Nb3 Be4) 13. axb5 $16 axb5 14. Rxa8+ Bxa8 15. b4 Ncd7 16. Qc8+ Qd8 17. Qxd8+ Kxd8 18. Nd4 Bxg2 19. Kxg2 Nd5 20. Ba3 $36 {[%emt 0:01:09][%mdl 2048] White is really pushing.} Ne5 {[%emt 0:07:02] Prevents N2f3.} 21. Rb1 Kd7 22. Nxb5 Nc6 23. Nc4 {[%emt 0:01:13] And now e4 would win.} Ndxb4 {[%emt 0:09:16] This costs Black the game.} (23... Be7 $16 {might work better.}) 24. Nb6+ Ke8 {[%emt 0:03:24] [#]} 25. Rc1 $1 {[%emt 0:07:22] Repels Bc5. Bxb4 is the strong threat.} ({Don't do} 25. Nc7+ Kd8 26. Nb5 Nd5) 25... Be7 (25... f6 26. Bxb4 Nxb4) 26. Bxb4 $18 {[%emt 0:00:55] White is clearly winning.} Nxb4 27. Nc7+ {[%emt 0:00:09] Excellent horsemanship.} Kf8 {[%emt 0:01:21] [#]} 28. Nxe6+ fxe6 29. Rc8+ Kf7 {[%emt 0:00:13] ...Rxc8 would now be deadly.} 30. Rxh8 h6 31. Rc8 Na6 32. Nc4 Kf6 33. f4 Nc5 34. Kf3 {[%emt 0:00:30] Weighted Error Value: White=0.06 (flawless) /Black=0.41.  Mistake:       	White=1     	Black=3      Inaccurate:     	---       	Black=2      OK:         	White=14    	Black=5      Best:        	White=4     	Black=4} 1-0

[Event "1000 GM Labor Day Super Swiss 2024"]
[Site "San Jose"]
[Date "2024.09.01"]
[Round "3.19"]
[White "Biyiasas, Theodore"]
[Black "Bansal, Advay"]
[Result "0-1"]
[Annotator "TA"]
[ECO "D91"]
[WhiteElo "1973"]
[BlackElo "2234"]
[PlyCount "34"]
[EventDate "2024.08.30"]
[EventType "swiss"]
[EventCountry "USA"]
[SourceTitle "playchess.com"]
[Source "ChessBase"]
[SourceQuality "1"]
[TimeControl "5400+30"]

1. d4 Nf6 2. c4 g6 3. Nc3 d5 4. Nf3 Bg7 5. Bg5 dxc4 6. e3 Be6 7. Nd2 Nd5 8. Bxc4 $2 (8. Qf3 $11 {and White has nothing to worry.}) 8... Nxc3 $19 9. bxc3 {[%emt 0:02:49] Black is clearly better.} Bxc4 10. Nxc4 Qd5 11. Qf3 (11. Qb3 {was forced.} b5 (11... Qxg5 12. Qxb7 O-O 13. h4 $11) 12. Ne5 Qxb3 13. axb3) 11... Qxc4 12. Qxb7 Qxc3+ 13. Ke2 Qc2+ 14. Kf1 {[%emt 0:05:36][%cal Rb7c8] [#]} O-O $1 {[%emt 0:13:18] aiming for ...Nc6.} 15. Qxa8 (15. Bxe7 Nc6) 15... Qb2 {[%emt 0:05:09] Black is clearly winning.} 16. Rd1 Qb5+ (16... Qxa2 $2 {perishes.} 17. Bxe7 Qb3 18. Qf3 $18) 17. Kg1 {[%emt 0:00:07] [#]} Nc6 $1 {[%emt 0:00:12] Black took control after the opening.   Weighted Error Value: White=0.91/Black=0.14 (very precise) .  Loses game:     	White=1     	---        Mistake:       	White=1     	---        Inaccurate:     	White=1     	---        OK:         	White=1     	Black=3      Best:        	White=2     	Black=4      Strong:       	---       	Black=1} ({Not} 17... Qxg5 18. Qxa7 Qd5 19. Qxc7 $17) 0-1

[Event "1000 GM Labor Day Super Swiss 2024"]
[Site "San Jose"]
[Date "2024.09.01"]
[Round "3.20"]
[White "Piasetski, Leon"]
[Black "Bhatta, Rohit"]
[Result "1/2-1/2"]
[Annotator "TA"]
[ECO "E03"]
[WhiteElo "2167"]
[BlackElo "2025"]
[PlyCount "45"]
[EventDate "2024.08.30"]
[EventType "swiss"]
[EventCountry "USA"]
[SourceTitle "playchess.com"]
[Source "ChessBase"]
[SourceQuality "1"]
[TimeControl "5400+30"]

1. Nf3 d5 2. d4 Nf6 3. c4 e6 4. g3 dxc4 5. Qa4+ Nbd7 6. Bg2 a6 7. Qxc4 b5 8. Qc2 Bb7 9. O-O c5 10. Bg5 Rc8 11. Qd1 cxd4 12. Nxd4 Bxg2 {[%emt 0:00:30] Black is slightly better.} 13. Kxg2 Be7 14. Nd2 h6 15. Bxf6 Nxf6 16. N2f3 O-O 17. Rc1 Rxc1 18. Qxc1 {[%emt 0:00:06] The position is equal.} Qd5 19. b3 Bc5 20. Rd1 Bxd4 21. Rxd4 Qb7 22. Qd2 Rc8 23. Rd8+ {[%emt 0:05:47] Weighted Error Value: White=0.05 (flawless) /Black=0.06 (flawless) .  Inaccurate:     	White=1     	Black=2      OK:         	White=6     	Black=6} 1/2-1/2

[Event "1000 GM Labor Day Super Swiss 2024"]
[Site "San Jose"]
[Date "2024.09.01"]
[Round "3.21"]
[White "Atwell, Rose"]
[Black "Montes Orozco, Miguel Angel"]
[Result "1-0"]
[Annotator "TA"]
[ECO "C60"]
[WhiteElo "2208"]
[BlackElo "2155"]
[PlyCount "79"]
[EventDate "2024.08.30"]
[EventType "swiss"]
[EventCountry "USA"]
[SourceTitle "playchess.com"]
[Source "ChessBase"]
[SourceQuality "1"]
[TimeControl "5400+30"]

1. e4 e5 2. Nf3 Nc6 3. Bb5 a6 4. Ba4 Nge7 5. c3 g6 6. O-O Bg7 7. d4 exd4 8. cxd4 b5 9. Bb3 d6 10. d5 Na5 {[%emt 0:01:10] White has an edge.} 11. Bd2 c5 12. Bc3 O-O 13. Bxg7 Kxg7 14. Bc2 Nc4 15. b3 Ne5 16. Nxe5 dxe5 17. a4 Bd7 18. Nc3 Qa5 19. Qd3 {[%emt 0:07:01] And now axb5 would win.} Qb4 20. Qg3 f6 $1 21. Rfd1 c4 $1 22. Rab1 Qd6 ({Black should try} 22... cxb3 $11 23. Bxb3 (23. Rxb3 Qc5 $16) 23... Rfc8 (23... bxa4 24. Bxa4 Qd6 25. Bxd7 $16)) 23. bxc4 $14 bxc4 24. Qe3 $36 {[%emt 0:02:18][%mdl 2048] White is more active.} Rfb8 {[%emt 0:02:07] Inhibits Rb6.} 25. a5 Rb4 $2 (25... Nc8 $14) 26. Na2 Rb5 27. Nc3 Rb4 {[%emt 0:00:34] Repels Ba4} 28. Rxb4 Qxb4 29. Rb1 $1 Qxa5 (29... Qd6 $142 30. Rb7 Bc8) 30. Rb7 $18 Rd8 {[%emt 0:00:12] [#]} 31. Ba4 (31. h4 $142 $1 {[%cal Oc2a4][%mdl 512] Ba4! is the strong threat.} Kf7 32. d6) 31... Kf7 $2 (31... Kg8 32. h4 (32. Rxd7 $2 Rxd7 33. h4 Rd6 $19) 32... Bxa4) 32. d6 (32. Rxd7 $2 Rxd7 33. h4 Rd6 $19) 32... Nc8 33. Qh3 ({Not} 33. Bxd7 Nxd6 34. Rb1 (34. Be6+ Kxe6 35. Qh3+ f5 $16) 34... Rxd7 $11) 33... Nxd6 34. Qxh7+ Kf8 {[%emt 0:00:10] [#]} 35. Qh8+ $1 (35. Rxd7 Rxd7 36. Qxd7 Nb5 $11) 35... Kf7 {[%emt 0:01:20] [#]} 36. Qxd8 Qxd8 {[%emt 0:00:45] White is clearly winning.} 37. Rxd7+ Qxd7 38. Bxd7 f5 39. exf5 gxf5 40. Kf1 {[%emt 0:00:33] Weighted Error Value: White=0.21 (precise) /Black=0.38.  Loses game:     	---       	Black=1      Mistake:       	White=1     	Black=3      Inaccurate:     	White=4     	Black=2      OK:         	White=9     	Black=7      Best:        	White=4     	Black=3      Strong:       	White=2     	Black=2      Brilliant:      	White=1     	---} 1-0

[Event "1000 GM Labor Day Super Swiss 2024"]
[Site "San Jose"]
[Date "2024.09.01"]
[Round "3.22"]
[White "Gonzalez Zharikov, Andrey"]
[Black "Zuluaga Mancilla, Cesar"]
[Result "1/2-1/2"]
[Annotator "TA"]
[ECO "A11"]
[WhiteElo "2070"]
[BlackElo "2166"]
[PlyCount "105"]
[EventDate "2024.08.30"]
[EventType "swiss"]
[EventCountry "USA"]
[SourceTitle "playchess.com"]
[Source "ChessBase"]
[SourceQuality "1"]
[TimeControl "5400+30"]

1. Nf3 d5 2. c4 c6 3. e3 Nf6 4. Nc3 a6 5. b3 Bf5 6. Be2 h6 7. O-O e6 8. Bb2 Nbd7 9. d3 Bh7 (9... Bd6 $5) 10. Re1 Bc5 11. a3 O-O 12. b4 Ba7 13. d4 Bb8 14. Qb3 Re8 15. a4 Bc7 16. Red1 Qb8 17. h3 Ne4 18. b5 Kh8 19. Nxe4 Bxe4 20. cxd5 cxd5 21. a5 axb5 22. Qxb5 Qd8 23. Bc3 (23. Qxb7 $2 {perishes.} Rb8 $19 (23... Rxa5 $2 {too greedy.} 24. Rdc1 $18) (23... Bxa5 24. Ra2 $11) (23... Rxa5 $2 24. Rdc1 $18) (23... Bxa5 24. Ba3 $11)) 23... Rb8 24. Nd2 {[%emt 0:01:22] [#] Strongly threatening Nxe4.} Bg6 25. Rdc1 Nf6 26. Bb4 e5 27. Nf3 {[%emt 0:05:58] White is much more active.} exd4 28. Nxd4 Ne4 29. Nf3 Bf5 30. Rd1 Be6 31. Rac1 (31. Rf1 {simplifies} Nd6 32. Qa4 Nc4 33. Rfc1) 31... Ra8 32. Qxb7 Bxa5 33. Bxa5 Rxa5 34. Qc7 Qa8 35. Nd4 Ra2 36. Rc2 Rc8 37. Rxa2 Qxa2 38. Qb7 {[%emt 0:03:38] [#] Black must now prevent Nxe6.} Re8 39. Qa6 Qb2 (39... Qxa6 {simplifies} 40. Bxa6 g6 41. Rc1 h5) 40. Qb5 Rb8 41. Qxb2 Rxb2 42. f3 Nc3 {[%emt 0:00:41][%csl LRd1,LRe2] The position is equal.} 43. Re1 Bd7 44. Bf1 Na2 {[%emt 0:02:04] Inhibits Rc1.} 45. Re2 Rxe2 46. Bxe2 $11 {[%emt 0:00:02][%mdl 4096] Endgame. KBN-KBN} Nc3 47. Kf2 Kg8 48. Ke1 Kf8 49. Kd2 Na4 50. Bd1 Nc5 51. Kc3 Ke7 52. Bc2 Kd6 53. Kb4 {[%emt 0:00:59] Weighted Error Value: White=0.08 (flawless) /Black=0.09 (flawless) .  Inaccurate:     	White=5     	Black=4      OK:         	White=11    	Black=16     Best:        	White=2     	Black=1} 1/2-1/2